 Dungeon Crawl Stone Soup version 0.25.1-9-gc5326a611f (webtiles) character file.

Game seed: 7207430935495463478

126 Clowwww the Magician (level 4, -4/24 HPs)
             Began as a Deep Elf Fire Elementalist on Dec 30, 2020.
             Slain by a gnoll
             ... wielding a +0 halberd
              (10 damage)
             ... on level 2 of the Dungeon.
             The game lasted 00:05:45 (1930 turns).

Clowwww the Magician (Deep Elf Fire Elementalist)   Turns: 1930, Time: 00:05:45

Health: -4/24      AC:  5    Str:  5    XL:     4   Next: 84%
Magic:  5/12       EV: 13    Int: 21    God:
Gold:   85         SH:  0    Dex: 15    Spells: 1/12 levels left

rFire    . . .     SeeInvis .   (no weapon)
rCold    . . .     Gourm    .   (no shield)
rNeg     . . .     Faith    .   a - +0 robe
rPois    .         Spirit   .   (no helmet)
rElec    .         Reflect  .   b - +2 cloak
rCorr    .         Harm     .   (no gloves)
MR       .....                  (no boots)
Stlth    ++........             (no amulet)
HPRegen  0.08/turn              (no ring)
MPRegen  0.13/turn              (no ring)

@: no status effects
A: no striking features
a: no special abilities


You were on level 2 of the Dungeon.
You were not hungry.

You visited 1 branch of the dungeon, and saw 2 of its levels.

You collected 85 gold pieces.

Inventory:

Armour
 a - a +0 robe (worn)
 b - a +2 cloak (worn)
Scrolls
 h - 3 scrolls of teleportation {unknown}
 i - a scroll of random uselessness {unknown}
 j - 2 scrolls of noise {unknown}
 k - 4 scrolls of identify {unknown}
 m - a scroll of immolation {unknown}
Potions
 d - a potion of stabbing {unknown}
 e - a potion of lignification {unknown}
 g - a potion of heal wounds {unknown}
 l - a potion of curing {unknown}
 n - a potion of magic {unknown}
Comestibles
 c - 3 rations
 f - 2 chunks of flesh


   Skills:
 + Level 2.6 Dodging
 + Level 3.0 Stealth
 + Level 4.5 Spellcasting
 + Level 2.6 Conjurations
 + Level 4.4 Fire Magic


You had one spell level left.
You knew the following spells:

 Your Spells              Type           Power        Failure   Level  Hunger
a - Foxfire               Conj/Fire      ###.         2%          1    None
b - Conjure Flame         Conj/Fire      ###.....     8%          3    ##.....
c - Inner Flame           Hex/Fire       ##......     14%         3    ##.....
d - Sticky Flame          Conj/Fire      ###.....     26%         4    ####...

Your spell library contained the following spells:

 Spells                   Type           Power        Failure   Level  Hunger
 Fireball                 Conj/Fire      ###.......   58%         5    ######.


Dungeon Overview and Level Annotations

Branches:
Dungeon (2/15)

Altars:


Message History

You conjure some foxfire!
The gnoll closely misses you. x2
The foxfire hits the gnoll.
The gnoll is moderately wounded.
The foxfire hits the gnoll.
You kill the gnoll!
Casting: Foxfire (safe; 2% risk of failure)
Confirm with . or Enter, or press ? or * to list all spells.
You conjure some foxfire!
The gnoll hits you from afar with a +0 halberd!
Ouch! That really hurt!
* * * LOW HITPOINT WARNING * * *
The foxfire hits the gnoll but does no damage.
The gnoll is moderately wounded.
The foxfire hits the gnoll.
The gnoll is severely wounded.
Casting: Foxfire (safe; 2% risk of failure)
Confirm with . or Enter, or press ? or * to list all spells.
You conjure some foxfire!
The gnoll hits you from afar with a +0 halberd!
You die...

...............................#
.....#....####.#'####.#.#......#
.....#....####.#......#.#......#
.......................)..######
...#.....................######
...).......g...................
............g............######
..............v...............#
#.............@...............#
.....>.......v...............#
#+#............##......######
..#.#...#....#...........#
........#.##.#.......###.#
.........##........## #.#
.......###........# #.# ... ..
#.......## #.# #.......# #.#


You could see 2 gnolls.

Vanquished Creatures
  6 gnolls (D:2)
  An ooze (D:1)
  3 worms (D:2)
  6 dart slugs (D:1)
  A ball python (D:2)
  3 giant cockroaches
  5 goblins
  4 hobgoblins
  10 bats
  5 frilled lizards (D:1)
  2 kobolds
  8 rats
54 creatures vanquished.

Vanquished Creatures (others)
  172 foxfires
172 creatures vanquished.

Grand Total: 226 creatures vanquished

Notes
Turn   | Place    | Note
-------+----------+-------------------------------------------
     0 | D:1      | Clowwww the Deep Elf Fire Elementalist began the quest for
                  | the Orb.
     0 | D:1      | Reached XP level 1. HP: 10/10 MP: 6/6
   150 | D:1      | Reached XP level 2. HP: 14/15 MP: 5/8
   886 | D:1      | Reached XP level 3. HP: 19/19 MP: 8/10
  1206 | D:1      | Learned a level 3 spell: Conjure Flame
  1246 | D:2      | Reached XP level 4. HP: 17/24 MP: 1/12
  1327 | D:2      | Learned a level 3 spell: Inner Flame
  1332 | D:2      | Learned a level 4 spell: Sticky Flame
  1930 | D:2      | Slain by a gnoll

Illustrated notes

Levels and vault maps discovered:
D:1:      dpeg_arrival_round_a, layout_basic
D:2:      layout_basic, first_ration

Skill      XL: |  1  2  3  4 |
---------------+-------------+-----
Fire Magic     | 4 |  4.4
Spellcasting   | 4 |  4.5
Conjurations   | 2 |  2.6
Stealth        | 3 |  3.0
Dodging        | |  2.6

Action                   |  1- 3 |  4- 6 || total
-------------------------+-------+-------++-------
Melee: Unarmed           |     1 |       ||     1
 Cast: Foxfire           |    58 |    39 ||    97
  Eat: Chunk             |     1 |     2 ||     3
Armor: Robe              |     3 |       ||     3
Dodge: Dodged            |    11 |     5 ||    16
